 Dungeon Crawl Stone Soup version 0.30-a0-292-g0f741e3f8e (webtiles) character file.

Game seed: 10357268192035562305

301 plokij the Slasher (level 6, -3/53 HPs)
             Began as a Minotaur Fighter on Oct 18, 2022.
             Succumbed to a scorpion's poison
             ... on level 5 of the Dungeon.
             The game lasted 00:07:34 (3152 turns).

plokij the Slasher (Minotaur Fighter)               Turns: 3152, Time: 00:07:34

Health: -3/53      AC:  9    Str: 21    XL:     6   Next: 14%
Magic:  5/5        EV: 12    Int:  5    God:
Gold:   119        SH:  5    Dex: 11    Spells: 5/5 levels left

rFire   . . .      SeeInvis .    a - +0 long sword
rCold   . . .      Faith    .    c - +0 buckler
rNeg    . . .      Spirit   .    v - +0 chain mail
rPois   .          Reflect  .    (helmet restricted)
rElec   .          Harm     .    (no cloak)
rCorr   .          Rampage  .    (no gloves)
Will    .....                    (no boots)
Stlth   ..........               (no amulet)
HPRegen 0.28/turn                u - +4 ring of evasion
MPRegen 0.09/turn                (no ring)

@: lethally poisoned (-3 -> -28)
A: horns 2, retaliatory headbutt
a: no special abilities


You were on level 5 of the Dungeon.
You visited 1 branch of the dungeon, and saw 5 of its levels.

You collected 119 gold pieces.

Inventory:

Hand Weapons
 a - a +0 long sword (weapon)
Armour
 c - a +0 buckler (worn)
 v - a +0 chain mail (worn)
Jewellery
 s - the amulet "Cifef" {RegenMP rN++}
   (You found it on level 4 of the Dungeon)

   [amulet of magic regeneration]

   It increases your rate of magic regeneration.
   rN:        It greatly protects you from negative energy.
 u - a +4 ring of evasion (left hand)
Wands
 j - a wand of light (6)
Scrolls
 f - a scroll of fear {unknown}
 g - 4 scrolls of identify {unknown}
 h - a scroll of blinking {unknown}
 k - a scroll of vulnerability {unknown}
 m - a scroll of teleportation {unknown}
 n - 2 scrolls of poison {unknown}
 p - a scroll of immolation {unknown}
 r - a scroll of noise {unknown}
Potions
 d - 3 potions of might
 e - a potion of attraction {unknown}
 i - a potion of flight {unknown}
 l - a potion of curing {unknown}
 o - a potion of resistance {unknown}
 q - a potion of lignification {unknown}
 t - a potion of degeneration {unknown}


   Skills:
 + Level 4.7 Fighting
 + Level 4.7 Long Blades
 + Level 4.7 Armour
 * Level 2.6 Dodging
 + Level 4.7 Shields


You had 5 spell levels left.
You didn't know any spells.
Your spell library was empty.

Dungeon Overview and Level Annotations

Branches:
Dungeon (5/15)
 Temple: D:4-7

Altars:
Uskayaw


Innate Abilities, Weirdness & Mutations

You have a pair of horns on your head.
You reflexively headbutt those who attack you in melee.


Message History

You headbutt the scorpion, but do no damage.
The scorpion is lightly wounded.
The hound bites you but does no damage. The scorpion stings you.
You are poisoned.
The scorpion poisons you! The hound closely misses you.
You hit the scorpion.
The scorpion is moderately wounded.
You feel very sick. The scorpion stings you.
You are more poisoned.
The scorpion poisons you! The hound bites you but does no damage.
The ice beast hits you but does no damage.
The scorpion stings you.
You are more poisoned.
The scorpion poisons you! The hound misses you.
You hit the scorpion but do no damage.
The scorpion is moderately wounded.
You feel extremely sick.
The ice beast hits you but does no damage.
The hound closely misses you. You furiously retaliate!
You headbutt the hound. The scorpion stings you.
You are lethally poisoned!
The scorpion poisons you!
You closely miss the scorpion. You headbutt the scorpion.
The scorpion is heavily wounded.
* * * LOW HITPOINT WARNING * * *
You feel extremely sick. You block the hound's attack. The scorpion stings you.
* * * LOW HITPOINT WARNING * * *
The ice beast hits you.
* * * LOW HITPOINT WARNING * * *
The ice beast freezes you!
* * * LOW HITPOINT WARNING * * *
The hound bites you.
* * * LOW HITPOINT WARNING * * *
The scorpion stings you but does no damage.
The ice beast misses you.
You slash the scorpion!
The scorpion is almost dead.
You die...

.....## ....
###.....##..$.
.#...>.........
.....<.........
...............
#...<......?
##...........
..#....s....#..
......h@Y...#
.#........###
##..##...# #..
##..# #... ...
#.. #.#. ..
###. ..


You could see an ice beast, a scorpion and a hound.

Vanquished Creatures
  A scorpion (D:4)
  A hound (D:4)
  An orc priest (D:4)
  An iguana (D:4)
  An orc wizard (D:3)
  A gnoll (D:1)
  5 adders
  A white imp (D:5)
  2 worms (D:4)
  A dart slug (D:3)
  10 orcs
  4 bats
  5 endoplasms
  A giant cockroach (D:3)
  4 goblins
  5 jackals
  3 quokkas
  A ball python (D:4)
  A frilled lizard (D:3)
  6 kobolds
  3 rats
58 creatures vanquished.

Vanquished Creatures (others)
  5 plants (D:1)
5 creatures vanquished.

Grand Total: 63 creatures vanquished

Notes
Turn   | Place    | Note
-------+----------+-------------------------------------------
     0 | D:1      | plokij the Minotaur Fighter began the quest for the Orb.
     0 | D:1      | Reached XP level 1. HP: 19/19 MP: 0/0
   143 | D:1      | Reached XP level 2. HP: 18/27 MP: 1/1
   845 | D:2      | Reached XP level 3. HP: 32/33 MP: 2/2
  1016 | D:2      | Reached skill level 1 in Dodging
  1521 | D:3      | Reached XP level 4. HP: 38/40 MP: 3/3
  1830 | D:3      | Found a hide-covered altar of Uskayaw.
  2398 | D:4      | Identified the amulet "Cifef" {RegenMP rN++}
  2450 | D:4      | Noticed a scorpion
  2456 | D:4      | Killed a scorpion
  2457 | D:4      | Reached XP level 5. HP: 39/47 MP: 4/4
  2772 | D:4      | Reached XP level 6. HP: 42/53 MP: 5/5
  3138 | D:5      | Entered Level 5 of the Dungeon
  3145 | D:5      | Noticed an ice beast
  3151 | D:5      | HP: 2/53 [hound (1)]
  3152 | D:5      | Succumbed to a scorpion's poison

Illustrated notes

Levels and vault maps discovered:
D:1:      wander_arrival_fairy_ring, layout_basic, minmay_misc_feat_plants,
          serial_bayou_lagoon_a, hangedman_decor_slide_cut
D:2:      layout_loops_cross
D:3:      layout_basic, nicolae_uskayaw_suspiria
D:4:      layout_loops_ring
D:5:      layout_cave_pools, serial_shops, nicolae_stop_n_shop_1, uniq_ijyb,
          uniq_menkaure, uniq_pikel, uniq_duvessa

Skill      XL: |  1  2  3  4  5 |
---------------+----------------+-----
Long Blades    | 3 4 |  4.7
Fighting       | 4 |  4.7
Shields        | 4 |  4.7
Armour         | 4 |  4.7
Dodging        | 1 2 |  2.6

Action                   |  1- 3 |  4- 6 || total
-------------------------+-------+-------++-------
Melee: Long sword        |    63 |    87 ||   150
       Headbutt          |    10 |    20 ||    30
Armor: Scale mail        |    24 |    14 ||    38
       Chain mail        |       |     9 ||     9
Dodge: Dodged            |    31 |    47 ||    78
Block: Buckler           |    16 |    24 ||    40

Table legend: (Time is in decaauts)
 A = Elapsed time spent in this place.
 B = Non-inter-level travel time spent in this place.
 C = Inter-level travel time spent in this place.
 D = Time resting spent in this place.
 E = Time spent auto-exploring this place.
 F = Levels seen in this place.
 G = Mean time per level.
                   A        B        C        D        E       F      G
               +--------+--------+--------+--------+--------+-----+--------+
         Total |   3198 |   2930 |    268 |     98 |   2353 |   5 |  639.6 |
       Dungeon |   3198 |   2930 |    268 |     98 |   2353 |   5 |  639.6 |
               +--------+--------+--------+--------+--------+-----+--------+

Top non-repeatable levels by time:
     D:3: 971 daAuts
     D:4: 851 daAuts
     D:1: 685 daAuts
     D:2: 674 daAuts
     D:5: 15 daAuts
